 Dungeon Crawl Stone Soup version 0.27-a0-328-g7f782ed93a (webtiles) character file.

Game seed: 17975675180240980596

6290 wakim the Martial Artist (level 10, -12/69 HPs)
             Began as an Octopode Venom Mage on Feb 11, 2021.
             Was an Initiate of Gozag.
             Mangled by a two-headed ogre
             ... wielding a +0 giant spiked club
              (17 damage)
             ... on level 9 of the Dungeon.
             The game lasted 00:50:53 (12366 turns).

wakim the Martial Artist (Octopode Venom Mage)     Turns: 12366, Time: 00:50:54

Health: -12/69     AC:  1    Str:  8    XL:     10   Next: 94%
Magic:  15/19      EV: 20    Int: 23    God:    Gozag
Gold:   1977       SH:  0    Dex: 12    Spells: 11/21 levels left

rFire    . . .     SeeInvis .   B - +6 trident of Gallantry {flame, +Blink rN+ Int+2}
rCold    . . .     Faith    .   (no shield)
rNeg     + . .     Spirit   .   (helmet restricted)
rPois    .         Reflect  .   r - amulet of magic regeneration
rElec    .         Harm     .   k - +4 ring of evasion
rCorr    +         Rampage  .   x - ring of wizardry
Will     +....                  y - ring of willpower
Stlth    ++++......             C - ring of resist corrosion
HPRegen  0.21/turn              (no ring)
MPRegen  0.41/turn              (no ring)
                                (no ring)
                                (no ring)

@: no status effects
A: almost no armour, stealthy swim, amphibious, 8 rings, constrict 8, camouflage
1, gelatinous body 1
a: Renounce Religion, Evoke Blink, Potion Petition, Call Merchant, Bribe Branch


You were on level 9 of the Dungeon.
You worshipped Gozag.
Gozag was most pleased with you.
You visited 1 branch of the dungeon, and saw 9 of its levels.
You also visited: Ossuary.

You collected 2023 gold pieces.
You paid 46 gold pieces to Gozag.

Inventory:

Hand Weapons
 B - the +6 trident of Gallantry (weapon) {flame, +Blink rN+ Int+2}
   (You took it off an orc warrior on level 8 of the Dungeon)

   It has been specially enchanted to burn those struck by it, causing extra
   injury to most foes and up to half again as much damage against particularly
   susceptible opponents.
   It affects your intelligence (+2).
   It protects you from negative energy.
   It lets you blink.
Missiles
 d - 11 boomerangs
 v - 86 stones
Armour
 h - a +0 kite shield
Jewellery
 k - a +4 ring of evasion (left tentacle)
 r - an amulet of magic regeneration (around mantle)
 x - a ring of wizardry (right tentacle)
 y - a ring of willpower (on tentacle)
 C - a ring of resist corrosion (on tentacle)
Wands
 t - a wand of digging (4)
 D - a wand of acid (8)
Scrolls
 e - 8 scrolls of teleportation {unknown}
 f - 7 scrolls of identify
 g - 3 scrolls of magic mapping
 j - 2 scrolls of noise {unknown}
 m - 2 scrolls of random uselessness {unknown}
 p - 5 scrolls of blinking {unknown}
 s - 3 scrolls of enchant weapon {unknown}
 u - 7 scrolls of amnesia {unknown}
 w - 2 scrolls of enchant armour {unknown}
 z - a scroll of fear {unknown}
 A - a scroll of fog {unknown}
 E - a scroll of vulnerability {unknown}
Potions
 a - 2 potions of resistance
 b - a potion of brilliance {unknown}
 c - 2 potions of magic
 i - a potion of heal wounds
 l - 2 potions of curing
 n - 3 potions of ambrosia
 o - a potion of flight
 q - 3 potions of haste
 F - 2 potions of attraction {unknown}
 G - 2 potions of lignification {unknown}


   Skills:
 + Level 6.6 Fighting
 + Level 6.7 Dodging
 + Level 7.6 Stealth
 * Level 8.8 Unarmed Combat
 - Level 6.0 Spellcasting
 - Level 1.1 Transmutations
 - Level 8.0 Poison Magic


You had 11 spell levels left.
You knew the following spells:

 Your Spells              Type           Power        Failure   Level
a - Sting                 Tmut/Pois      100%         1%          1
b - Poisonous Vapours     Pois/Air       50%          1%          2
c - Olgreb's Toxic Radia  Pois           43%          1%          4
d - Ignite Poison         Fire/Tmut/Pois 20%          3%          3

Your spell library contained the following spells:

 Spells                   Type           Power        Failure   Level
 Sandblast                Erth           12%          3%          1
 Mephitic Cloud           Conj/Pois/Air  19%          3%          3
 Passwall                 Tmut/Erth      7%           4%          2
 Stone Arrow              Conj/Erth      12%          11%         3
 Petrify                  Tmut/Erth      9%           26%         4
 Lee's Rapid Deconstruct  Erth           3%           65%         5


Dungeon Overview and Level Annotations

Branches:
Dungeon (9/15)             Temple (0/1) D:4         Ossuary (visited)
   Lair: D:8-11         Orc: D:9-12

Altars:
Cheibriados
Fedhas
Gozag
Hepliaklqana
Makhleb
Nemelex Xobeh
Qazlal
Sif Muna
Vehumet
Xom
Yredelemnul
The Shining One

Annotations:
D:4 exclusion: oklob plant
D:5 1 runed translucent door, bmj180's ghost, novice DsGl


Innate Abilities, Weirdness & Mutations

You cannot wear most types of armour.
You are very stealthy in the water. (Stealth+)
You are amphibious.
You can wear up to eight rings at the same time.
You can use your tentacles to constrict eight enemies at once.
Your skin changes colour to match your surroundings (Stealth+).
Your rubbery body absorbs attacks. (AC +1, EV +1)


Message History

You hit the worker ant. You burn the worker ant.
You kill the worker ant!
You puncture the bullfrog skeleton! You burn the bullfrog skeleton.
Your grab misses the bullfrog skeleton.
The bullfrog skeleton is heavily damaged.
The bullfrog skeleton misses you.
The bullfrog skeleton completely misses you.
You barely miss the bullfrog skeleton. You grab the bullfrog skeleton.
The bullfrog skeleton is heavily damaged.
You constrict the bullfrog skeleton.
The bullfrog skeleton barely misses you.
The bullfrog skeleton becomes distracted by the nearby gold, dreaming of imaginary riches.
You puncture the bullfrog skeleton! You burn the bullfrog skeleton.
The bullfrog skeleton is no longer distracted by gold.
The bullfrog skeleton is almost destroyed.
You constrict the bullfrog skeleton.
You destroy the bullfrog skeleton!
You see here 11 gold pieces.
You reach to attack!
You hit the two-headed ogre. You burn the two-headed ogre.
The two-headed ogre is lightly wounded.
The two-headed ogre closely misses you.
The two-headed ogre completely misses you.
You hit the two-headed ogre. You burn the two-headed ogre.
The two-headed ogre is lightly wounded.
The two-headed ogre completely misses you.
The two-headed ogre hits you with a +0 giant club!!
You hit the two-headed ogre. You burn the two-headed ogre.
The two-headed ogre is moderately wounded.
You hit the two-headed ogre. You burn the two-headed ogre.
The two-headed ogre is moderately wounded.
The two-headed ogre hits you with a +0 giant spiked club!!
* * * LOW HITPOINT WARNING * * *
The two-headed ogre hits you with a +0 giant club!!
* * * LOW HITPOINT WARNING * * *
You are too injured to fight recklessly!
You are too injured to fight recklessly!
You are too injured to fight recklessly!
The two-headed ogre hits you with a +0 giant spiked club!
You die...
Your body crumbles into a pile of gold.

#...# #.'J.........
#...####.#...<......
#........#..........
#.......$###########
#.........# #...##....#
#...##....# #...##.JO.#
#...##..@.#
#.........###############
#........................
#...........###..........
#...........# #..........
#...........###..........
#........................
#........................
#..................###...


You could see a two-headed ogre and a jelly.

Vanquished Creatures
  A troll (D:9)
  A wraith (D:8)
  Eustachio (D:4)
  2 water moccasins
  A sky beast (D:7)
  3 orc warriors
  2 black bears
  2 ice beasts
  A necrophage (D:7)
  8 ogres
  5 centaurs
  A phantom (D:5)
  A kobold brigand (D:7)
  2 elf zombies (Ossuary)
  3 bullfrogs
  6 scorpions
  A water moccasin skeleton (D:8)
  11 killer bees
  A howler monkey (D:8)
  9 wights
  2 vampire bats (D:4)
  A bullfrog zombie (D:8)
  A jelly (D:8)
  5 orc priests
  A human zombie (Ossuary)
  Crazy Yiuf (D:5)
  A gnoll shaman (D:4)
  5 hounds
  5 bullfrog skeletons
  A centaur skeleton (D:7)
  Natasha (thrice) (D:3)
  2 iguanas (D:8)
  13 orc wizards
  12 worker ants
  2 hound zombies
  4 mummies (Ossuary)
  2 worker ant zombies
  Robin (D:4)
  3 gnolls (D:4)
  17 adders
  5 shadow imps
  2 white imps
  An ufetubus (D:3)
  3 adder skeletons
  2 adder zombies (Ossuary)
  4 worms
  3 dart slugs
  2 leopard geckos
  41 orcs
  7 giant cockroaches
  16 goblins
  13 hobgoblins
  12 jackals
  4 quokkas
  A ball python (D:7)
  15 bats
  7 frilled lizards
  2 goblin zombies (Ossuary)
  3 hobgoblin zombies (Ossuary)
  A jackal zombie (Ossuary)
  6 kobolds
  A leopard gecko skeleton (D:9)
  A quokka skeleton (D:5)
  A quokka zombie (D:6)
297 creatures vanquished.

Vanquished Creatures (others)
  A fungus (D:4)
  8 plants (D:4)
9 creatures vanquished.

Grand Total: 306 creatures vanquished

Notes
Turn   | Place    | Note
-------+----------+-------------------------------------------
     0 | D:1      | wakim the Octopode Venom Mage began the quest for the Orb.
     0 | D:1      | Reached XP level 1. HP: 11/11 MP: 3/3
     1 | D:1      | Noticed a centaur
    11 | D:1      | Noticed a gargoyle
    13 | D:1      | Noticed a merfolk zombie
    15 | D:1      | Noticed a minotaur skeleton
    21 | D:1      | Noticed an ogre
   312 | D:1      | Reached XP level 2. HP: 12/17 MP: 0/5
   854 | D:1      | Reached XP level 3. HP: 20/21 MP: 6/6
  1421 | D:2      | Learned a level 2 spell: Poisonous Vapours
  1530 | D:2      | Found a glowing golden altar of the Shining One.
  1575 | D:2      | Reached skill level 1 in Unarmed Combat
  1833 | D:2      | Found a hazy altar of Hepliaklqana.
  1859 | D:2      | Found a stormy altar of Qazlal.
  1890 | D:2      | Reached XP level 4. HP: 18/27 MP: 2/8
  2159 | D:2      | Learned a level 4 spell: Olgreb's Toxic Radiance
  2645 | D:2      | Reached skill level 5 in Poison Magic
  2645 | D:2      | Reached XP level 5. HP: 31/31 MP: 4/9
  3182 | D:2      | Learned a level 3 spell: Ignite Poison
  3398 | D:3      | Noticed Natasha
  3432 | D:3      | Killed Natasha
  3596 | D:3      | Noticed Natasha
  3598 | D:3      | Killed Natasha
  3599 | D:3      | Reached XP level 6. HP: 36/36 MP: 6/11
  3696 | D:3      | Found a radiant altar of Vehumet.
  3696 | D:3      | Found a shimmering altar of Xom.
  3696 | D:3      | Found a basalt altar of Yredelemnul.
  3823 | D:3      | Found a snail-covered altar of Cheibriados.
  3950 | D:3      | Found a stormy altar of Qazlal.
  4130 | D:3      | Noticed Natasha
  4136 | D:3      | Killed Natasha
  4157 | D:3      | Found an opulent altar of Gozag.
  4209 | D:3      | Became a worshipper of Gozag Ym Sagoz the Greedy
  4626 | D:4      | Reached skill level 1 in Fighting
  4728 | D:4      | Reached XP level 7. HP: 44/44 MP: 4/13
  4872 | D:4      | Found a staircase to the Ecumenical Temple.
  4968 | D:4      | Noticed Eustachio
  5024 | D:4      | Killed Eustachio
  5201 | D:4      | Reached skill level 5 in Stealth
  5262 | D:4      | Reached XP level 8. HP: 46/54 MP: 4/14
  5389 | D:4      | Found a shimmering blue altar of Sif Muna.
  5770 | D:4      | Noticed Robin
  5781 | D:4      | Found a blossoming altar of Fedhas.
  5784 | D:4      | Killed Robin
  5885 | D:4      | Noticed an oklob plant
  6209 | D:5      | Entered Level 5 of the Dungeon
  6348 | D:5      | Found a runed translucent door.
  6525 | D:5      | Noticed bmj180's ghost (novice DsGl)
  6560 | D:5      | Reached skill level 5 in Unarmed Combat
  6931 | D:5      | Found a runed translucent door.
  6932 | D:5      | Noticed Crazy Yiuf
  6937 | D:5      | Killed Crazy Yiuf
  7243 | D:6      | Reached XP level 9. HP: 48/58 MP: 13/15
  7629 | D:6      | Found a burning altar of Makhleb.
  8207 | D:7      | Reached skill level 5 in Spellcasting
  8350 | D:7      | Reached skill level 5 in Dodging
  8530 | D:7      | Reached skill level 5 in Fighting
  9149 | D:7      | Reached XP level 10. HP: 21/66 MP: 19/19
 10001 | D:8      | Identified the +6 trident of Gallantry {flame, +Blink rN+
                  | Int+2}
 10034 | D:8      | Found a sand-covered staircase.
 10047 | Ossuary  | Entered an ossuary
 11267 | D:8      | Identified the +9 hand axe "Yzaupok" {vorpal, rC+ Str-4
                  | Int+8 Stlth+}
 11642 | D:9      | Found a sparkling altar of Nemelex Xobeh.
 12326 | D:9      | Noticed a two-headed ogre
 12366 | D:9      | Mangled by a two-headed ogre

Illustrated notes

Levels and vault maps discovered:
D:1:      shiori_arrival_whats_in_store_for_you, layout_basic
D:2:      layout_basic, lemuel_doored_altar, marbit_many_paths,
          nicolae_qazlal_general_emergency
D:3:      layout_basic, gammafunk_temple_overflow_forgotten,
          lemuel_crystal_altar, nicolae_gozag_cash_rules_everything_around_me,
          grunt_ministairs_1, lemuel_tele_altar, uniq_natasha
D:4:      layout_rooms, kennysheep_mini, tgw_fedhas, temple_fountains,
          hangedman_abyss_or_decor_stabs, minivault_25, roderic_batcave,
          st_stairs_5, uniq_robin, uniq_eustachio
D:5:      layout_rooms, ebering_ghost_reflecting_pool, uniq_crazy_yiuf_cottage
D:6:      layout_rooms, basic_altar, minmay_fractal_squares_5
D:7:      layout_layer_cave, kennysheep_opposing_triangles
D:8:      minmay_octagon_keep, layout_loops_ring, nicolae_ossuary_entry_monument
D:9:      layout_stronghold, basic_altar

Skill      XL: |  1  2  3  4  5  6  7  8  9 10 |
---------------+-------------------------------+-----
Poison Magic   | 4 5 6 8 |  8.0
Unarmed Combat | 1 2 4 5 6 8 |  8.8
Spellcasting   | 3 4 6 |  6.0
Stealth        | 3 5 7 |  7.6
Fighting       | 1 4 5 6 |  6.6
Dodging        | 4 5 6 |  6.7
Transmutations | |  1.1

Action                   |  1- 3 |  4- 6 |  7- 9 | 10-12 || total
-------------------------+-------+-------+-------+-------++-------
Melee: Unarmed           |    47 |    44 |   177 |    78 ||   346
       Constrict         |    12 |    11 |    39 |    29 ||    91
       Tentacles         |     6 |     4 |    31 |    34 ||    75
       Punch             |       |       |     2 |     8 ||    10
       Trident           |       |       |       |    97 ||    97
Throw: Boomerang         |    11 |       |       |     1 ||    12
       Stone             |     1 |       |       |       ||     1
 Cast: Sting             |    24 |       |       |       ||    24
       Poisonous Vapours |     7 |    60 |    66 |    19 ||   152
       Olgreb's Toxic Ra |       |     4 |    20 |    21 ||    45
       Ignite Poison     |       |     3 |    23 |    18 ||    44
  Use: Scroll            |       |       |       |     9 ||     9
 Stab: Sleeping          |       |       |     3 |     5 ||     8
       Distracted        |       |       |     2 |     1 ||     3
Armor: Skin              |     3 |     6 |     4 |     4 ||    17
Dodge: Dodged            |    25 |    48 |   131 |   131 ||   335

Table legend: (Time is in decaauts)
 A = Elapsed time spent in this place.
 B = Non-inter-level travel time spent in this place.
 C = Inter-level travel time spent in this place.
 D = Time resting spent in this place.
 E = Time spent auto-exploring this place.
 F = Levels seen in this place.
 G = Mean time per level.
                   A        B        C        D        E       F      G
               +--------+--------+--------+--------+--------+-----+--------+
         Total |  12371 |  11952 |    419 |   4780 |   4314 |  10 | 1237.1 |
       Dungeon |  11976 |  11557 |    419 |   4627 |   4222 |   9 | 1330.7 |
       Ossuary |    394 |    394 |      0 |    153 |     92 |   1 |  394.0 |
               +--------+--------+--------+--------+--------+-----+--------+

Top non-repeatable levels by time:
     D:2: 1951 daAuts
     D:7: 1838 daAuts
     D:4: 1794 daAuts
     D:1: 1374 daAuts
     D:8: 1353 daAuts
     D:3: 1088 daAuts
     D:5: 999 daAuts
     D:6: 823 daAuts
     D:9: 753 daAuts
 Ossuary: 394 daAuts
